 Dungeon Crawl Stone Soup version 0.27.0-1-g7a089689b8 (webtiles) character file.

Game seed: 13528555777492570156

286169 SnakkuSnakku7 the Warrior (level 20, -25/140 HPs)
             Began as a Tengu Warper on Aug 5, 2021.
             Was an Initiate of Gozag.
             Killed from afar by Boris (67 damage)
             ... with an iron shot
             ... on level 3 of the Vaults on Aug 6, 2021.
             The game lasted 01:47:16 (51188 turns).

SnakkuSnakku7 the Warrior (Tengu Warper)           Turns: 51188, Time: 01:47:17

Health: -25/140    AC: 41    Str: 19    XL:     20   Next: 63%
Magic:  24/24      EV: 15    Int: 14    God:    Gozag
Gold:   5297       SH:  0    Dex: 21    Spells: 20/23 levels left

rFire    + + .     SeeInvis .   a - +1 great mace (protect)
rCold    + . .     Faith    .   (shield currently unavailable)
rNeg     . . .     Spirit   .   R - +8 plate armour {rF+}
rPois    +         Reflect  .   G - +2 hat
rElec    +         Harm     .   J - +2 cloak
rCorr    +         Rampage  .   f - +0 pair of gloves
Will     ++...                  (boots unavailable)
Stlth    ..........             F - amulet of regeneration
HPRegen  1.33/turn              Y - +6 ring of dexterity
MPRegen  0.19/turn              z - ring of willpower

@: mighty, brilliant, resistant, marked, under a protective aura, flying quickly
and evasively, very slightly contaminated, studying 2 skills, invisible, quick
A: beak, talons 3, nimble flight
}: 2/15 runes: decaying, gossamer
a: Renounce Religion, Potion Petition, Call Merchant, Bribe Branch


You were on level 3 of the Vaults.
You worshipped Gozag.
Gozag was greatly pleased with you.
You visited 7 branches of the dungeon, and saw 35 of its levels.
You visited the Abyss 1 time.
You visited 1 bazaar.
You also visited: Ice Cave and Volcano.

You collected 15408 gold pieces.
You spent 2966 gold pieces at shops.
You paid 7145 gold pieces to Gozag.

Inventory:

Hand Weapons
 a - a +1 great mace of protection (weapon)
 u - a +4 dire flail
 N - a +1 broad axe of freezing
Missiles
 d - 5 boomerangs of dispersal
 m - 17 boomerangs
 p - 7 curare-tipped darts
 q - 46 poisoned darts (quivered)
 v - 3 silver boomerangs
 B - 2 throwing nets
Armour
 f - a +0 pair of gloves (worn)
 l - a +0 cloak of preservation
 A - a +0 kite shield of cold resistance
 G - a +2 hat (worn)
 J - a +2 cloak (worn)
 Q - a scarf of shadows
 R - a +8 plate armour of fire resistance (worn)
Jewellery
 i - a ring of fire
 k - a ring of see invisible
 w - a ring of resist corrosion
 z - a ring of willpower (right hand)
 F - an amulet of regeneration (around neck)
 Y - a +6 ring of dexterity (left hand)
Wands
 j - a wand of digging (5)
 n - a wand of flame (71)
 I - a wand of acid (14)
 W - a wand of charming (32)
 X - a wand of iceblast (4)
Scrolls
 b - 10 scrolls of identify
 c - 5 scrolls of teleportation
 e - 3 scrolls of magic mapping
 x - a scroll of brand weapon
 y - 2 scrolls of enchant weapon
 C - 3 scrolls of vulnerability
 D - 6 scrolls of fog
 E - 2 scrolls of silence
 L - a scroll of blinking
Potions
 g - 4 potions of lignification
 h - 5 potions of curing
 o - 11 potions of might
 r - 11 potions of haste
 t - 5 potions of heal wounds
 H - 2 potions of attraction
 K - 3 potions of cancellation
 M - 3 potions of berserk rage
 O - 2 potions of brilliance
 P - 5 potions of mutation
 S - 5 potions of magic
 T - 8 potions of ambrosia
 U - 5 potions of invisibility
 Z - 3 potions of resistance
Miscellaneous
 V - a phial of floods


   Skills:
 - Level 20.0 Fighting
 + Level 18.7 Maces & Flails
 - Level 6.0 Throwing
 - Level 19.2 Armour
 - Level 10.0 Dodging
 - Level 2.0 Spellcasting
 - Level 8.0 Translocations
 - Level 8.0 Evocations


You had 20 spell levels left.
You knew the following spells:

 Your Spells              Type           Power      Damage    Failure   Level
b - Blink                 Tloc           N/A        N/A       12%         2
g - Apportation           Tloc           70%        N/A       8%          1

Your spell library contained the following spells:

 Spells                   Type           Power      Damage    Failure   Level
 Gell's Gravitas          Tloc           17%        N/A       24%         3
 Lesser Beckoning         Tloc           17%        N/A       24%         3
 Teleport Other           Tloc           35%        N/A       24%         3
 Portal Projectile        Hex/Tloc       36%        N/A       77%         3
 Animate Skeleton         Necr           4%         N/A       91%         1
 Beastly Appendage        Tmut           4%         N/A       91%         1
 Corona                   Hex            2%         N/A       91%         1
 Sting                    Tmut/Pois      8%         1d3       91%         1
 Summon Small Mammal      Summ           8%         N/A       91%         1
 Manifold Assault         Tloc           35%        N/A       91%         5
 Poisonous Vapours        Pois/Air       4%         N/A       97%         2
 Static Discharge         Conj/Air       2%         N/A       97%         2
 Sublimation of Blood     Necr           1%         N/A       97%         2
 Wereblood                Tmut           2%         N/A       97%         2
 Call Canine Familiar     Summ           2%         N/A       99%         3
 Conjure Flame            Conj/Fire      2%         6-21      99%         3
 Dazzling Flash           Conj/Hex       4%         N/A       99%         3
 Frozen Ramparts          Ice            4%         1d2       99%         3
 Ignite Poison            Fire/Tmut/Pois 2%         N/A       99%         3
 Mephitic Cloud           Conj/Pois/Air  2%         N/A       99%         3
 Spider Form              Tmut/Pois      1%         N/A       99%         3
 Stone Arrow              Conj/Erth      4%         3d7       99%         3
 Summon Guardian Golem    Hex/Summ       2%         N/A       99%         3
 Iskenderun's Mystic Bla  Conj/Tloc      18%        2d6       99%         4
 Airstrike                Air            1%         N/A       100%        4
 Animate Dead             Necr           1%         N/A       100%        4
 Dispel Undead            Necr           2%         3d7       100%        4
 Ice Form                 Ice/Tmut       2%         N/A       100%        4
 Leda's Liquefaction      Hex/Erth       1%         N/A       100%        4
 Olgreb's Toxic Radiance  Pois           2%         N/A       100%        4
 Petrify                  Tmut/Erth      2%         N/A       100%        4
 Sticky Flame             Conj/Fire      2%         2d3       100%        4
 Summon Ice Beast         Ice/Summ       2%         N/A       100%        4
 Summon Lightning Spire   Summ/Air       2%         N/A       100%        4
 Blade Hands              Tmut           1%         N/A       100%        5
 Bolt of Magma            Conj/Fire/Erth 1%         4d4       100%        5
 Borgnjor's Vile Clutch   Necr/Erth      1%         N/A       100%        5
 Irradiate                Conj/Tmut      1%         3d14      100%        5
 Lightning Bolt           Conj/Air       1%         1d12      100%        5
 Death Channel            Necr           1%         N/A       100%        6
 Iron Shot                Conj/Erth      1%         9d1       100%        6
 Shadow Creatures         Summ           N/A        N/A       100%        6
 Starburst                Conj/Fire      1%         8x6d3     100%        6
 Dragon Form              Tmut           1%         N/A       100%        7
 Spellforged Servitor     Conj/Summ      1%         N/A       100%        7
 Fire Storm               Conj/Fire      1%         7d1       100%        9
 Shatter                  Erth           1%         3d5*      100%        9


Dungeon Overview and Level Annotations

Branches:
Dungeon (15/15)            Temple (1/1) D:7            Lair (6/6) D:9
  Swamp (4/4) Lair:3       Spider (4/4) Lair:4        Slime (0/5) Lair:6
    Orc (2/2) D:10            Elf (0/3) Orc:2        Vaults (3/5) D:13
  Crypt (0/3) Vaults:3     Depths (0/5) D:15          IceCv (visited)
Volcano (visited)

Altars:
Cheibriados
Dithmenos
Elyvilon
Fedhas
Gozag
Hepliaklqana
Kikubaaqudgha
Makhleb
Nemelex Xobeh
Okawaru
Qazlal
Ru
Sif Muna
Trog
Uskayaw
Vehumet
Wu Jian
Xom
Yredelemnul
Zin
The Shining One
Beogh

Shops:
D:1 ?   D:5 *   Orc:1 ?   Orc:2 :[:!!

Annotations:
Lair:5 exclusion: 4 oklob plants
Vaults:3 Boris


Innate Abilities, Weirdness & Mutations

You have a beak for a mouth.
You have claws for feet.
Your magical nature lets you fly swiftly and evasively.


Message History

The skeletal warrior hits you with a +0 war axe.
Unknown command.
You sock Boris! Your kick misses Boris.
Boris is almost destroyed.
Boris hits you!
* * * LOW HITPOINT WARNING * * *
Boris touches you but does no damage.
The ogre mage gestures wildly while chanting.
The ogre mage flickers and vanishes!
The skeletal warrior barely misses you.
The vault sentinel blows a loud note on a signal horn!
You closely miss Boris. Your kick misses Boris.
You peck Boris, but do no damage.
Boris is almost destroyed.
Boris gestures wildly while chanting.
Boris flickers and vanishes!
The skeletal warrior hits you but does no damage.
Unknown command.
Aiming: Corrosive Bolt
Press: ? - help, Shift-Dir - straight line, f - ironbound convoker
Aim: an ironbound convoker, wielding a +0 great mace and wearing a +1 scale mail of cold resistance (inner flame, 77% to hit)
The bolt of acid hits the ironbound convoker!!
The ironbound convoker is splashed with acid.
Flame seeps out of the ironbound convoker. x2
The ironbound convoker is heavily wounded.
The bolt of acid hits the skeletal warrior!!
The skeletal warrior is splashed with acid.
Flame seeps out of the skeletal warrior. x2
The skeletal warrior is heavily damaged.
The bolt of acid hits the ironbound convoker!
The ironbound convoker is splashed with acid.
The acid corrodes the ironbound convoker!
Flame seeps out of the ironbound convoker. x2
The ironbound convoker is moderately wounded.
The ironbound convoker is engulfed in blazing flames.
Flame seeps out of the ironbound convoker.
You hear some strange, mumbled words.
An iron shot appears from out of thin air!
The iron shot hits you!!!
You die...
Your body crumbles into a pile of gold.

** *,,* **,,* ,* *,,* *,,,*
############ ,***,,****,**
#.......'.## ,,,*,,*,****
#..^....##.. ,,,,,,,,,*
#.......##..
**,,,,,,*#############.......#.##
*****##+*#...........#.......####
,*,,,,..,#o#########.'.......#
,+<**,*#.#p.pzp{@zz#.#.......#
,*,**,*#o{s#######z#.#########
,*,..p...#T#,,,,,#$#.#
,*,##.##.#.#,*,>,#z#.#
,*,*#,*#,#.#,*,,,#z#.# ##
**,,,,,,,#.#,****#z#.# #.
********#.#,,,,,.Z#.###########.
#.#########.+.........#.
#.........[.#.........#.


You could see 4 skeletal warriors, a vault sentinel (inner flame, strong), 2
ironbound convokers, a redback and an orc.

Vanquished Creatures
  A dread lich (Vaults:1)
  Arachne (Spider:3)
  A thorn hunter (Swamp:4)
  Kirke (Swamp:1)
  A tengu reaver (Vaults:2)
  A fenstrider witch (Swamp:2)
  A fire giant (Vaults:1)
  3 frost giants (IceCv)
  2 vault wardens
  2 emperor scorpions (Spider:4)
  5 ghost moths (Spider:4)
  3 ghouls (Swamp:3)
  9 ironbound preservers
  5 very ugly things
  A stone giant (Orc:1)
  4 bunyips
  2 entropy weavers (Spider:1)
  5 spark wasps
  The ghost of ratboy the Grappler, a journeyman TrHu of Yredelemnul (Lair:4)
  The ghost of robertstho the Unseen, a journeyman OpBe of Trog (Lair:4)
  3 dire elephants
  Snorg (Lair:4)
  2 ettins (Orc:1)
  The ghost of Rallik the Slinger, a journeyman DsNe of Kikubaaqudgha (Lair:4)
  2 eleionomae
  A shambling mangrove (Swamp:3)
  4 great orbs of eyes
  3 yaktaur captains
  Erolcha (D:11)
  25 hydras
  4 ice dragons (IceCv)
  2 vault guards
  A catoblepas (D:14)
  4 ironbound thunderhulks
  6 boulder beetles
  A ghost crab (Swamp:4)
  16 ironbound frosthearts
  3 ogre magi (D:12)
  A spriggan air mage (Swamp:2)
  A merfolk avatar (Lair:6)
  12 centaur warriors
  4 tengu warriors (D:13)
  A death knight (D:10)
  6 two-headed ogres
  10 alligators
  5 orc high priests (Orc:2)
  2 titan zombies (Orc:1)
  3 ironbound beastmasters
  3 skeletal warriors
  A fire crab (Lair:3)
  4 spriggan druids
  3 goliath frogs (Swamp:1)
  33 deep trolls
  11 swamp dragons
  7 bog bodies
  8 ironbound convokers
  An orange crystal statue (IceCv)
  11 orb spiders
  A phantasmal warrior (Vaults:2)
  A deep elf archer (D:12)
  2 deep elf pyromancers (D:15)
  7 lindwurms
  5 wizards
  A harpy (Lair:6)
  Pikel (D:6)
  20 ugly things
  23 wolf spiders
  A stone giant zombie (Orc:1)
  3 orc knights
  8 spectral spriggans (Swamp:3)
  3 will-o-the-wisps
  A salamander (D:15)
  16 cyclopes
  4 orc sorcerers
  16 elephants
  5 manticores
  A moth of wrath (Spider:2)
  A human skeleton (Vaults:3)
  A stone giant skeleton (Vaults:3)
  A fire giant skeleton (Vaults:3)
  Joseph (D:8)
  An ice statue (D:14)
  13 vault sentinels
  14 cane toads
  7 black mambas
  2 torpor snails
  2 molten gargoyles (Volcano)
  16 yaktaurs
  15 rime drakes
  3 freezing wraiths
  8 demonic crawlers
  10 komodo dragons
  2 tengu conjurers (D:13)
  The ghost of Cheivey the Ruffian, an amateur TrFi (D:7)
  4 efreet
  21 jumping spiders
  5 trolls
  An elf skeleton (Vaults:3)
  4 meliai
  A bloated husk (Swamp:3)
  A meliai (shapeshifter) (D:12)
  11 polar bears
  2 wind drakes (Lair:6)
  6 slime creatures
  A snapping turtle (Lair:6)
  10 tyrant leeches
  17 hornets
  14 blink frogs
  4 dream sheep (Lair:6)
  A meliai zombie (D:11)
  9 spriggans
  60 redbacks
  4 shadows
  27 tarantellas
  5 wraiths
  5 wyverns
  A human (shapeshifter) (D:12)
  39 yaks
  2 hogs (Swamp:1)
  Grum (D:9)
  16 humans
  4 fire elementals (Volcano)
  5 basilisks
  2 steam dragons
  19 vampire mosquitoes
  15 swamp worms
  5 wargs
  2 acid dragons (D:12)
  15 water moccasins
  5 swamp drakes
  2 ice beasts
  19 orc warriors
  A sky beast (shapeshifter) (D:14)
  8 ogres
  A necrophage (D:4)
  22 wolves
  18 centaurs
  4 lemures (D:6)
  A phantom (D:4)
  Blork the orc (D:5)
  8 bullfrogs
  4 earth elementals (Volcano)
  A gnoll sergeant (D:6)
  5 scorpions
  A cyclops zombie (Orc:1)
  A wyvern skeleton (D:5)
  2 troll zombies (D:10)
  5 killer bees
  4 howler monkeys
  5 wights (D:10)
  An electric eel (Spider:2)
  2 bullfrog zombies
  3 centaur zombies
  8 hounds
  27 orc priests
  4 jellies
  A centaur skeleton (D:7)
  3 gnoll shamans
  A bullfrog skeleton (D:6)
  Terence (D:3)
  3 iguanas
  24 orc wizards
  A killer bee zombie (D:7)
  6 ogre zombies (D:10)
  A centaur simulacrum (D:7)
  19 gnolls
  5 adders
  2 howler monkey skeletons
  2 shadow imps
  2 white imps
  2 ufetubi
  2 adder skeletons
  3 worms (D:2)
  4 dart slugs
  53 orcs
  2 bats (D:1)
  8 endoplasms
  A giant cockroach (D:1)
  7 goblins
  9 hobgoblins
  21 jackals
  9 kobolds
  3 quokkas
  5 ball pythons
  A frilled lizard (D:1)
  3 goblin skeletons (D:10)
  2 goblin zombies (D:10)
  3 hobgoblin skeletons (D:10)
  3 hobgoblin zombies (D:10)
  4 orc skeletons (D:10)
  10 orc zombies (D:10)
  3 rats
  3 fire vortices (Volcano)
1208 creatures vanquished.

Vanquished Creatures (collateral kills)
  An ugly thing (IceCv)
1 creature vanquished.

Vanquished Creatures (others)
  A white draconian (IceCv)
  A deep troll (Vaults:2)
  A demonic crawler (Spider:2)
  5 bloated husks
  2 hogs (Swamp:1)
  4 vampire mosquitoes (Swamp:1)
  A bullfrog (D:6)
  An ufetubus (D:7)
  3 briar patches (Swamp:4)
  20 foxfires
  59 fungi
  67 plants
  3 withered plants (Lair:4)
168 creatures vanquished.

Grand Total: 1377 creatures vanquished

Notes
Turn   | Place    | Note
-------+----------+-------------------------------------------
     0 | D:1      | SnakkuSnakku7 the Tengu Warper began the quest for the Orb.
     0 | D:1      | Reached XP level 1. HP: 12/12 MP: 4/4
    36 | D:1      | Found Vujuw's Magic Scroll Shop.
   153 | D:1      | Reached XP level 2. HP: 15/17 MP: 6/6
   583 | D:1      | Reached XP level 3. HP: 10/21 MP: 7/7
  1017 | D:1      | Found a faded altar of an unknown god.
  1044 | D:1      | Bought a scroll of fear for 45 gold pieces
  1598 | D:2      | Reached XP level 4. HP: 26/26 MP: 8/8
  2185 | D:2      | Reached skill level 5 in Maces & Flails
  2390 | D:1      | Bought a scroll of fear for 45 gold pieces
  2443 | D:3      | Noticed Terence
  2458 | D:3      | Killed Terence
  2642 | D:3      | Gained mutation: Your magical nature lets you fly swiftly
                  | and evasively. [Tengu growth]
  2642 | D:3      | Reached XP level 5. HP: 25/30 MP: 9/9
  3067 | D:3      | Found a blossoming altar of Fedhas.
  3297 | D:4      | Noticed an ice beast
  4205 | D:4      | Noticed a phantom
  4213 | D:4      | Found a white marble altar of Elyvilon.
  4244 | D:4      | Killed a phantom
  4245 | D:4      | Reached XP level 6. HP: 25/35 MP: 10/10
  4409 | D:4      | Reached skill level 5 in Throwing
  4454 | D:4      | Killed an ice beast
  4455 | D:4      | Reached XP level 7. HP: 29/40 MP: 11/11
  5570 | D:1      | Bought a scroll of identify for 26 gold pieces
  5570 | D:1      | Bought a scroll of teleportation for 39 gold pieces
  5570 | D:1      | Bought a scroll of teleportation for 39 gold pieces
  5643 | D:5      | Entered Level 5 of the Dungeon
  5654 | D:5      | Found Eppeusum's General Store.
  5654 | D:5      | Noticed a yak
  5677 | D:4      | Killed a yak
  5697 | D:5      | Noticed a yak
  5697 | D:5      | Noticed a yak
  5727 | D:4      | Killed a yak
  5728 | D:4      | Reached XP level 8. HP: 44/44 MP: 12/12
  5748 | D:5      | Noticed a yak
  5748 | D:5      | Noticed a yak
  5763 | D:5      | Noticed a yak
  5770 | D:5      | Killed a yak
  5772 | D:5      | Killed a yak
  6586 | D:5      | Reached skill level 10 in Maces & Flails
  6609 | D:5      | Bought a potion of degeneration for 14 gold pieces
  6651 | D:5      | Killed a yak
  6652 | D:5      | Reached XP level 9. HP: 36/48 MP: 13/13
  7400 | D:5      | Noticed Blork the orc
  7414 | D:5      | Killed Blork the orc
  7415 | D:5      | Reached skill level 3 in Fighting
  8007 | D:5      | Reached skill level 4 in Fighting
  8878 | D:6      | Reached skill level 5 in Fighting
  9289 | D:6      | Reached skill level 6 in Fighting
  9621 | D:7      | Found a staircase to the Ecumenical Temple.
  9634 | Temple   | Entered the Ecumenical Temple
  9720 | Temple   | Became a worshipper of Gozag Ym Sagoz the Greedy
  9749 | D:7      | Found a runed translucent gate.
  9749 | D:7      | Found a runed translucent gate.
  9749 | D:7      | Found a runed translucent gate.
  9750 | D:7      | Noticed Cheivey's ghost (amateur TrFi)
  9831 | D:7      | Noticed Pikel
  9842 | D:7      | Found an ancient bone altar of Kikubaaqudgha.
 10054 | D:6      | Killed Pikel
 10055 | D:6      | Reached skill level 7 in Fighting
 10260 | D:7      | Reached skill level 8 in Fighting
 10260 | D:7      | Reached XP level 10. HP: 46/64 MP: 14/14
 10400 | D:7      | Identified the +11 hand axe "Beetlebane" {antimagic, Will-
                  | Str+7}
 10887 | D:5      | Bought a +2 cloak for 231 gold pieces
 11628 | D:8      | Noticed Joseph
 11644 | D:8      | Killed Joseph
 12908 | D:9      | Found a bloodstained altar of Trog.
 12943 | D:9      | Noticed a two-headed ogre
 12954 | D:9      | Found a staircase to the Lair.
 12981 | D:9      | Killed a two-headed ogre
 13071 | D:9      | Found a shimmering blue altar of Sif Muna.
 13071 | D:9      | Found a glowing silver altar of Zin.
 13255 | D:9      | Noticed Grum
 13657 | D:9      | Killed Grum
 13662 | D:9      | Identified the +7 chain mail "Hemol" {Int+4}
 14050 | D:10     | Entered Level 10 of the Dungeon
 14704 | D:1      | Bought a scroll of teleportation for 39 gold pieces
 14704 | D:1      | Bought a scroll of teleportation for 39 gold pieces
 14704 | D:1      | Bought a scroll of teleportation for 39 gold pieces
 14704 | D:1      | Bought a scroll of magic mapping for 45 gold pieces
 14704 | D:1      | Bought a scroll of fog for 26 gold pieces
 14775 | D:5      | Bought a scroll of identify for 28 gold pieces
 15046 | D:10     | Paralysed by a hornet for 2 turns
 15107 | D:10     | Found a staircase to the Orcish Mines.
 15119 | D:10     | Reached XP level 11. HP: 59/68 MP: 15/15
 15831 | D:10     | Reached skill level 5 in Armour
 16231 | Lair:1   | Entered Level 1 of the Lair of Beasts
 18088 | Lair:2   | Noticed a six-headed hydra
 18094 | Lair:2   | Killed a six-headed hydra
 18095 | Lair:2   | Reached skill level 10 in Armour
 18112 | Lair:2   | Reached XP level 12. HP: 43/73 MP: 16/16
 18673 | Lair:2   | Noticed a five-headed hydra
 18679 | Lair:2   | Killed a five-headed hydra
 18680 | Lair:2   | Reached skill level 5 in Evocations
 19488 | Lair:3   | Noticed a six-headed hydra
 21202 | Lair:3   | Reached skill level 5 in Dodging
 21517 | Lair:3   | Noticed an eight-headed hydra
 21537 | Lair:3   | Killed an eight-headed hydra
 21583 | Lair:3   | Noticed a six-headed hydra
 21597 | Lair:3   | Killed a six-headed hydra
 21623 | Lair:3   | Found a staircase to the Swamp.
 21671 | Lair:3   | Killed a six-headed hydra
 21672 | Lair:3   | Reached XP level 13. HP: 78/78 MP: 17/17
 22394 | Lair:4   | Noticed Snorg
 22537 | Lair:4   | Reached skill level 10 in Dodging
 22785 | Lair:4   | Found a hole to the Spider Nest.
 22869 | Lair:4   | Found a runed translucent gate.
 22869 | Lair:4   | Found a runed translucent gate.
 22869 | Lair:4   | Found a runed translucent gate.
 22873 | Lair:4   | Noticed ratboy's ghost (journeyman TrHu)
 22873 | Lair:4   | Noticed robertstho's ghost (journeyman OpBe)
 22873 | Lair:4   | Noticed Rallik's ghost (journeyman DsNe)
 23031 | Lair:4   | Killed Snorg
 23397 | Lair:5   | Reached skill level 9 in Fighting
 23724 | Lair:5   | Found a dark tunnel.
 23766 | Volcano  | Entered a volcano
 23918 | Volcano  | Reached skill level 10 in Fighting
 24843 | Lair:6   | Entered Level 6 of the Lair of Beasts
 24870 | Lair:6   | Reached skill level 11 in Fighting
 25103 | Lair:6   | Reached skill level 12 in Fighting
 25113 | Lair:6   | Reached XP level 14. HP: 92/92 MP: 18/18
 25118 | Lair:6   | Found a staircase to the Slime Pits.
 26454 | D:5      | Bought a potion of mutation for 112 gold pieces
 26646 | D:7      | Killed Cheivey's ghost
 26785 | D:11     | Noticed Erolcha
 26802 | D:11     | Killed Erolcha
 28559 | D:12     | Reached skill level 15 in Armour
 28559 | D:12     | Reached XP level 15. HP: 96/96 MP: 19/19
 28561 | D:12     | Learned a level 1 spell: Apportation
 28564 | D:12     | Learned a level 2 spell: Blink
 29014 | Orc:1    | Entered Level 1 of the Orcish Mines
 29045 | Orc:1    | Found Kiqiusir's Magic Scroll Shop.
 29070 | Orc:1    | Bought a scroll of fear for 42 gold pieces
 29070 | Orc:1    | Bought a scroll of teleportation for 36 gold pieces
 29070 | Orc:1    | Bought a scroll of enchant armour for 90 gold pieces
 29070 | Orc:1    | Bought a scroll of magic mapping for 42 gold pieces
 29149 | Orc:1    | Paralysed by an orc sorcerer for 3 turns
 29372 | Orc:1    | Reached skill level 5 in Translocations
 30225 | Orc:1    | Identified the +10 war axe of the Thieving Priest {venom,
                  | +Blink rN+}
 30228 | Orc:1    | Identified the +6 quarterstaff of the Vine {flame, Int+4}
 30278 | Orc:2    | Entered Level 2 of the Orcish Mines
 30292 | Orc:2    | Found a staircase to the Elven Halls.
 30694 | Orc:2    | Found Kan Wosi's Book Boutique.
 30694 | Orc:2    | Found Vemad's Book Shop.
 30705 | Orc:2    | Found Lihol's Armour Shop.
 30707 | Orc:2    | Found Dagipluu's Distillery.
 30712 | Orc:2    | Bought a potion of might for 40 gold pieces
 31000 | Orc:2    | Found Hipeapir's Distillery.
 31009 | Orc:2    | Bought a potion of cancellation for 96 gold pieces
 31009 | Orc:2    | Bought a potion of resistance for 120 gold pieces
 31663 | D:13     | Found a gate to the Vaults.
 32059 | D:13     | Reached skill level 13 in Fighting
 32344 | D:13     | Reached XP level 16. HP: 96/104 MP: 20/20
 32509 | D:13     | Found a hazy altar of Hepliaklqana.
 32730 | D:14     | Found a frozen archway.
 32788 | IceCv    | Entered an ice cave
 32905 | IceCv    | Reached skill level 14 in Fighting
 33724 | IceCv    | Reached skill level 15 in Fighting
 34749 | D:15     | Entered Level 15 of the Dungeon
 34994 | D:15     | Found an ornate altar of the Wu Jian Council.
 35099 | D:15     | Reached skill level 16 in Fighting
 35683 | D:15     | Found a staircase to the Depths.
 36062 | Lair:4   | Killed robertstho's ghost
 36073 | Lair:4   | Killed Rallik's ghost
 36084 | Lair:4   | Killed ratboy's ghost
 36098 | Lair:4   | Got Cerebov's Guide on Torrid Battle Magic
 36164 | Swamp:1  | Entered Level 1 of the Swamp
 36340 | Swamp:1  | Noticed Kirke
 36469 | Swamp:1  | Killed Kirke
 36470 | Swamp:1  | Reached XP level 17. HP: 87/116 MP: 21/21
 36592 | Swamp:1  | Reached skill level 17 in Fighting
 36929 | Swamp:2  | Got Yhesie's Tome of Companions
 38042 | Swamp:3  | Reached skill level 18 in Fighting
 39283 | Swamp:4  | Entered Level 4 of the Swamp
 39488 | Swamp:3  | Reached skill level 19 in Fighting
 39910 | Swamp:3  | Paralysed by a hornet for 3 turns
 39918 | Swamp:3  | Reached XP level 18. HP: 24/128 MP: 22/22
 40947 | Swamp:4  | Reached skill level 20 in Fighting
 41044 | Swamp:4  | Got a decaying rune of Zot
 41380 | Spider:1 | Entered Level 1 of the Spider Nest
 42441 | Spider:2 | Paralysed by a hornet for 2 turns
 43082 | Spider:1 | HP: 6/129 [poisoned by a redback]
 43087 | Lair:4   | HP: 5/129 [poisoned by a redback]
 44054 | Spider:3 | Noticed Arachne
 44419 | Spider:3 | Killed Arachne
 44868 | Spider:4 | Entered Level 4 of the Spider Nest
 45173 | Spider:4 | Identified a scroll of acquirement
 45177 | Spider:3 | Acquired 520 gold pieces
 46077 | Spider:4 | Reached XP level 19. HP: 90/135 MP: 1/23
 46722 | Spider:4 | Got a gossamer rune of Zot
 47160 | Vaults:1 | Entered Level 1 of the Vaults
 47881 | Vaults:1 | Cast into level 2 of the Abyss (a wizard)
 47888 | Vaults:1 | Escaped the Abyss
 47931 | Vaults:1 | Noticed a dread lich
 47941 | Vaults:1 | Paralysed by a dread lich for 6 turns
 47950 | Vaults:1 | Killed a dread lich
 48033 | Vaults:1 | Reached skill level 15 in Maces & Flails
 49289 | Vaults:2 | Reached XP level 20. HP: 140/140 MP: 24/24
 50928 | Vaults:3 | Found a flickering gateway to a bazaar.
 50970 | Bazaar   | Entered a bazaar
 50972 | Bazaar   | Found Dekyr's Weapon Boutique.
 50976 | Bazaar   | Found Onoh's Distillery.
 50976 | Bazaar   | Found Aniabahu's Book Boutique.
 50977 | Bazaar   | Found Cocyu's Jewellery Boutique.
 51008 | Bazaar   | Bought a +6 ring of dexterity for 585 gold pieces
 51015 | Bazaar   | Bought 2 potions of curing for 84 gold pieces
 51015 | Bazaar   | Bought a potion of ambrosia for 112 gold pieces
 51015 | Bazaar   | Bought a potion of haste for 140 gold pieces
 51015 | Bazaar   | Bought a potion of haste for 140 gold pieces
 51015 | Bazaar   | Bought 2 potions of berserk rage for 140 gold pieces
 51015 | Bazaar   | Bought a potion of resistance for 140 gold pieces
 51015 | Bazaar   | Bought a potion of resistance for 140 gold pieces
 51015 | Bazaar   | Bought a potion of resistance for 140 gold pieces
 51015 | Bazaar   | Bought a potion of invisibility for 112 gold pieces
 51162 | Vaults:3 | Noticed Boris
 51188 | Vaults:3 | Killed from afar by Boris

Illustrated notes

Levels and vault maps discovered:
D:1:      amcnicky_arrival_flooded_fountain, layout_loops_ring, serial_shops,
          nicolae_diamond_shop, hellmonk_ecumenical_altar_inner_sanctum
D:2:      layout_basic
D:3:      layout_loops_ring, fedhas_altar_fruit_tree, uniq_terence
D:4:      minmay_chambers_of_twos, layout_cave_pools,
          mainiacjoe_overflow_chevrons
D:5:      layout_loops_corners, serial_shops,
          nicolae_shop_temple_entry_statues_fountains, uniq_blork_the_orc
D:6:      wander_river, layout_loops_cross, lemuel_old_faithful
D:7:      layout_basic, mainiacjoe_overflow_concentric_impassable,
          minmay_temple_entry_trees, gammafunk_ghost_necromancy, uniq_pikel
D:8:      layout_layer_cave, uniq_joseph
D:9:      layout_stronghold, lemuel_doored_altar,
          chequers_temple_overflow_statue_of_worship, dpeg_oklobed_lair,
          uniq_grum
D:10:     layout_small_grid, zombieorc2_lemuel
D:11:     layout_stronghold, uniq_erolcha
D:12:     minmay_swirls_squares, layout_basic
D:13:     layout_irregular_city, david_vaults_3, nzn_hepliaklqana_mist_gate
D:14:     layout_irregular_city, serial_bayou_pond_d,
          portal_ice_cave_entry_ice_statue_one, kennysheep_small_circle
D:15:     hangedman_depths_entry_try_elsewhere_first, layout_loops_corners,
          nzn_wu_jian_council_hall
Temple:   eino_temple_scatter_basement
Lair:1:   layout_long_grid, beast_lair_carwin_2
Lair:2:   layout_small_grid, amcnicky_mini_pool_medium, lemuel_fruit_fields,
          grunt_megastairs_1, lemuel_fruit_tree
Lair:3:   beast_lair_carwin_large_4, layout_regular_city,
          palyth_hydra_swamp_entry
Lair:4:   layout_misc_corridors, spider_nest_entry_webs,
          gammafunk_ghost_cemetery, uniq_snorg
Lair:5:   layout_regular_city, nicolae_volcano_entry_s_turn, dpeg_oklob_1
Lair:6:   gammafunk_lair_ancient_temple, layout_loops_ring,
          minmay_slime_entry_pillars, grunt_megastairs_2
Swamp:1:  layout_basic_swamp, evilmike_swamp_ruin_house_6, swamp_pool1,
          nicolae_swamp_catching_bugs, uniq_kirke
Swamp:2:  layout_falls_marsh, hangedman_swamp_ruin_hall
Swamp:3:  nicolae_swamp_flooded_prison, layout_basic_swamp,
          nicolae_swamp_long_stream, infiniplex_staircase_pool_2
Swamp:4:  swamp_alternative, layout_basic_swamp
Spider:1: layout_spider_delve
Spider:2: layout_spider_delve, nicolae_spider_spiderdrome
Spider:3: layout_spider_delve, uniq_arachne
Spider:4: grunt_spider_rune_parallel
Orc:1:    giant_chief_lemuel, layout_caves, basic_altar, serial_shops, shop
Orc:2:    st_orc_mages, layout_caves, serial_shops, shop
Vaults:1: v_misc_29, vaults_room_semicircle, hangedman_vaults_stagger,
          hangedman_vaults_snaps, v_rooms_3, v_misc_33,
          vaults_room_stairs_pillars, hangedman_vaults_restitches,
          vaults_room_semicircle, ontoclasm_vaults_shout,
          nicolae_vaults_little_squares_3, layout_vaults_big_room
Vaults:2: nicolae_vaults_what_the_h, v_misc_17, hangedman_vaults_hat,
          ontoclasm_vaults_gallery, vaults_room_hallway, layout_vaults_omnicross
Vaults:3: nicolae_vaults_little_squares_3, nicolae_vaults_triangles,
          v_alt_pattern_1, v_rooms_4, nicolae_vaults_display_case,
          minmay_crypt_entry_skeletal_spiral, vaults_room_fours,
          ontoclasm_vaults_ring_large, grunt_vaults_swirl,
          nicolae_vaults_arrows, vaults_room_corners, vaults_dpeg_ring,
          nicolae_vaults_little_squares_3, layout_vaults_omnibox, serial_shops,
          bzr_entry_customers, uniq_boris, uniq_saint_roka

Skill      XL: |  1  2  3  4  5  6  7  8  9 10 11 12 13 14 15 16 17 18 19 20 |
---------------+-------------------------------------------------------------+-----
Maces & Flails | 3 4 5 7 10 13 14 16 18 | 18.7
Throwing       | 2 4 5 6 |  6.0
Fighting       | 8 12 13 16 19 20 | 20.0
Armour         | 10 15 17 19 | 19.2
Evocations     | 2 8 |  8.0
Dodging        | 8 10 | 10.0
Translocations | 8 |  8.0
Spellcasting   | |  2.0

Action                   |  1- 3 |  4- 6 |  7- 9 | 10-12 | 13-15 | 16-18 | 19-21 || total
-------------------------+-------+-------+-------+-------+-------+-------+-------++-------
Melee: Mace              |    92 |    71 |   271 |   329 |       |       |       ||   763
       Kick              |    21 |    28 |    74 |   246 |   605 |   732 |   386 ||  2092
       Peck              |    16 |    22 |    64 |   176 |   366 |   485 |   281 ||  1410
       Flail             |       |    56 |    50 |       |       |       |       ||   106
       Dire flail        |       |       |       |   445 |  1679 |  2090 |   291 ||  4505
       Great mace        |       |       |       |       |       |       |   721 ||   721
Throw: Boomerang         |       |    15 |       |     4 |    11 |     1 |       ||    31
       Dart              |       |    17 |    52 |    60 |    74 |     4 |       ||   207
       Throwing net      |       |       |     1 |       |       |       |       ||     1
 Cast: Blink             |       |       |       |       |       |     1 |       ||     1
       Apportation       |       |       |       |       |       |       |     1 ||     1
Invok: Potion Petition   |       |       |       |       |     1 |    11 |     3 ||    15
Evoke: Wand              |       |     9 |     9 |    24 |    16 |    47 |     4 ||   109
       Phial of floods   |       |       |       |       |       |     3 |     1 ||     4
  Use: Scroll            |       |     2 |     9 |     7 |    18 |    12 |     6 ||    54
       Potion            |       |       |     1 |     6 |     4 |    14 |     1 ||    26
 Stab: Sleeping          |     2 |       |       |       |       |       |       ||     2
       Fleeing           |       |     1 |       |       |       |       |       ||     1
       Distracted        |       |       |       |     4 |     7 |     8 |     5 ||    24
       Paralysed         |       |       |       |     8 |    17 |       |       ||    25
       Invisible         |       |       |       |       |       |     7 |       ||     7
       Betrayed ally     |       |       |       |       |       |     1 |       ||     1
Armor: Leather armour    |    21 |     1 |       |       |       |       |       ||    22
       Ring mail         |       |    22 |    79 |    38 |       |       |       ||   139
       Chain mail        |       |       |       |   382 |   286 |       |       ||   668
       Skin              |       |       |       |     3 |    18 |     2 |       ||    23
       Plate armour      |       |       |       |       |   572 |  1598 |   821 ||  2991
Dodge: Dodged            |    55 |    74 |   195 |   269 |   662 |  1134 |   589 ||  2978
